Map: Site Delta LE

Players

EvilTwin

  • Race: Protoss Protoss
  • League: Diamond
  • Spawn Location: 11:00

llllllllllll - Winner!

  • Race: Protoss Protoss
  • League: Diamond
  • Spawn Location: 5:00

VOD

Have the link to the VOD?

Description

Time

  • Played on: Aug. 24, 2024, 10:26 p.m.
  • Length: 8:39
Show
View Real Time Build Order
Export as new Build Order

EvilTwin Protoss 

Build Orders: Phoenix Opening 

Get SALT Encoding   

  12  0:00  Probe  
  13  0:12  Probe  
  14  0:18  Pylon  
  14  0:24  Probe (Chrono Boost)  
  15  0:37  Probe (Chrono Boost)  
  15  0:38  Gateway  
  16  0:45  Probe (Chrono Boost)  
  16  0:47  Assimilator  
  17  0:51  Probe  
  17  0:55  Assimilator  
  18  1:03  Probe (Chrono Boost)  
  19  1:08  Gateway  
  19  1:12  Probe (Chrono Boost)  
  19  1:17  Probe (Chrono Boost)  
  20  1:25  Cybernetics Core  
  21  1:29  Probe  
  22  1:36  Pylon  
  22  1:42  Probe  
  24  1:54  Probe  
  24  2:01  Stalker x2  
  24  2:02  Warp Gate  
  24  2:06  Probe  
  29  2:13  Pylon  
  29  2:33  Sentry  
  30  2:40  Sentry  
  33  2:46  Nexus  
  33  2:49  Shield Battery  
  32  3:04  Sentry, Phoenix  
  34  3:13  Shield Battery  
  33  3:25  Probe, Twilight Council  
  34  3:31  Pylon  
  34  3:38  Probe  
  35  3:50  Probe (Chrono Boost), Stalker x2  
  40  4:01  Probe (Chrono Boost)  
  41  4:06  Probe (Chrono Boost)  
  42  4:10  Robotics Facility  
  42  4:17  Stalker x2  
  44  4:20  Shield Battery  
  44  4:27  Probe  
  43  4:36  Gateway  
  42  4:40  Probe x2  
  44  4:53  Probe  
  44  4:57  Observer (Chrono Boost)  
  45  5:05  Probe  
  44  5:08  Stalker  
  44  5:12  Pylon  
  44  5:24  Nexus, Pylon  
  44  5:30  Probe  
  44  5:35  Stalker  
  47  5:36  Phoenix  
  47  5:41  Blink (Chrono Boost)  
  47  5:42  Probe  
  48  5:45  Stalker  
  50  5:54  Probe  
  50  5:56  Pylon, Observer  
  52  6:06  Probe  
  52  6:08  Stalker  
  55  6:14  Stalker  
  57  6:24  Probe  
  58  6:36  Probe (Chrono Boost)  
  58  6:37  Probe (Chrono Boost)  
  60  6:43  Nexus  
  60  6:45  Pylon  
  62  6:47  Probe x2 (Chrono Boost)  
  62  6:51  Probe (Chrono Boost)  
  62  6:52  Probe (Chrono Boost)  
  63  6:55  Forge  
  63  6:57  Assimilator  
  64  7:02  Probe, Stalker  
  64  7:04  Probe  
  64  7:06  Stalker  
  70  7:14  Observer  
  71  7:21  Probe x2  
  73  7:30  Shield Battery  
  73  7:33  Probe x2, Pylon  
  75  7:45  Probe  
  75  7:48  Zealot x2  
  80  7:51  Shield Battery  
  80  7:52  Shield Battery  
  80  7:53  Shield Battery  
  80  7:57  Immortal (Chrono Boost), Photon Cannon  
  80  7:59  Shield Battery  
  83  8:12  Stalker x2  
Show
View Real Time Build Order
Export as new Build Order

llllllllllll Protoss - Winner!

Build Orders: Zealot Archon, Dark Templar Rush 

Get SALT Encoding   

  12  0:02  Probe  
  14  0:14  Probe  
  14  0:17  Pylon  
  14  0:26  Probe  
  15  0:38  Probe (Chrono Boost)  
  15  0:39  Gateway  
  16  0:49  Assimilator  
  17  0:50  Probe (Chrono Boost)  
  17  0:55  Probe (Chrono Boost)  
  18  0:57  Assimilator  
  18  1:04  Probe  
  18  1:09  Gateway  
  19  1:16  Probe  
  20  1:26  Cybernetics Core  
  20  1:28  Probe  
  21  1:33  Pylon  
  21  1:41  Probe  
  22  1:53  Probe  
  23  2:03  Adept (Chrono Boost)  
  23  2:04  Adept (Chrono Boost)  
  27  2:09  Twilight Council  
  27  2:10  Probe, Warp Gate  
  28  2:47  Stalker  
  28  2:48  Dark Shrine  
  30  2:57  Pylon  
  30  3:15  Stalker  
  32  3:24  Gateway  
  28  3:30  Nexus  
  28  3:32  Pylon  
  28  3:52  Probe  
  29  4:01  Dark Templar x2  
  33  4:04  Probe  
  34  4:17  Probe  
  35  4:20  Dark Templar  
  37  4:36  Dark Templar  
  39  4:42  Probe x2  
  41  4:54  Probe x2  
  43  5:16  Probe x2  
  43  5:23  Blink (Chrono Boost), Shield Battery  
  44  5:28  Probe (Chrono Boost)  
  44  5:29  Probe (Chrono Boost), Robotics Facility  
  44  5:35  Dark Templar  
  47  5:38  Assimilator  
  47  5:40  Probe (Chrono Boost), Assimilator  
  47  5:41  Pylon  
  49  5:45  Archon  
  49  5:46  Probe (Chrono Boost), Archon  
  49  5:48  Probe (Chrono Boost)  
  49  5:49  Stalker  
  52  5:52  Probe  
  52  5:55  Probe  
  54  5:57  Stalker  
  54  6:02  Gateway  
  54  6:04  Gateway, Probe  
  56  6:06  Gateway  
  56  6:07  Gateway, Probe  
  56  6:09  Gateway  
  58  6:16  Probe  
  59  6:19  Immortal (Chrono Boost), Probe  
  64  6:27  Pylon  
  64  6:33  Pylon  
  64  6:36  Pylon  
  64  6:48  Immortal (Chrono Boost)  
  64  6:49  Pylon  
  64  6:50  Sentry  
  64  6:52  Sentry  
  72  7:03  Stalker x3  
  78  7:12  Sentry  
  78  7:15  Warp Prism (Chrono Boost)  
  80  7:19  Dark Templar  
  80  7:21  Dark Templar  
  86  7:25  Pylon, Archon  
  86  7:34  Stalker x2  
  86  7:35  Stalker  
  92  7:43  Pylon  
  92  7:57  Nexus  
  92  7:58  Pylon  
  84  8:13  Stalker x3  
  84  8:14  Stalker  
  76  8:29  Stalker x3  
  74  8:37  Stalker x2  
Tags
 
Add a new tag
Caveats
  • Supply blocks, unpowered buildings, or Contaminate may cause inaccurate times.
  • Supply counts are checked every 10 seconds.